AoeStats
← orag0ny

Arabia

509868160Analyzed
1v1 RM · 5d ago on Sep 28, 2026· 26m 48s· 2 players
Game mode
Random Map
Map size
Tiny (2 player)
Population
200
Speed
Normal
Resources
Standard
Victory
Conquest
Starting age
Dark Age
Ending age
Imperial Age
RankedLock teamsTeams togetherTeam positionsShared explorationLock speedFull tech treeHidden civsTurbo modeCheats
Victory
Defeat
🇩🇪 Varangians · Germany
819
+16
🇨🇳 Japanese · China
812
-16
orag0ny
7:30 Loom
9:52 Feudal Age
10:37 Man-at-Arms
11:04 Arson
18:58 Double-Bit Axe
20:21 Horse Collar
26:11 Castle Age
26:12 Fletching
Finarfin
10:07 Feudal Age
13:46 Loom
20:37 Bloodlines
23:07 Double-Bit Axe
23:47 Forging
24:25 Gold Mining
27:35 Castle Age
25:41 Fletching
Connection lost

Rejoining the realm…

Still unreachable

The connection could not be restored.

Session expired

The server has moved on; the page needs a fresh start.